Map: Frozen Temple

Players

Fropez

  • Race: Protoss Protoss
  • League: Silver
  • Spawn Location: 11:00

MattNZ - Winner!

  • Race: Terran Terran
  • League: Silver
  • Spawn Location: 5:00

VOD

Have the link to the VOD?

Description

Time

  • Played on: June 29, 2016, 5:53 p.m.
  • Length: 30:31
Show
View Real Time Build Order
Export as new Build Order

Fropez Protoss 

Build Orders: Nexus First, Mass Adepts 

Get SALT Encoding   

  12  0:05  Probe (Chrono Boost)  
  13  0:16  Pylon  
  13  0:18  Probe (Chrono Boost)  
  14  0:29  Probe (Chrono Boost)  
  15  0:40  Probe (Chrono Boost)  
  16  0:50  Probe (Chrono Boost)  
  17  1:04  Nexus  
  17  1:12  Gateway  
  17  1:14  Probe (Chrono Boost)  
  18  1:25  Probe (Chrono Boost)  
  19  1:30  Gateway  
  19  1:35  Probe (Chrono Boost)  
  19  1:36  Assimilator  
  20  1:44  Assimilator  
  20  1:46  Probe (Chrono Boost)  
  21  1:50  Pylon  
  21  1:56  Probe (Chrono Boost)  
  22  2:07  Probe (Chrono Boost)  
  23  2:14  Cybernetics Core  
  23  2:17  Probe (Chrono Boost)  
  23  2:19  Probe (Chrono Boost)  
  25  2:32  Probe (Chrono Boost)  
  25  2:42  Gateway  
  25  2:43  Gateway  
  25  2:54  Adept  
  25  2:55  Adept  
  29  2:58  Warp Gate (Chrono Boost)  
  29  3:03  Probe  
  29  3:04  Mothership Core  
  32  3:21  Probe  
  32  3:22  Adept x2  
  32  3:23  Probe  
  38  3:30  Adept  
  40  3:34  Adept  
  40  3:47  Pylon  
  40  3:51  Adept  
  38  4:35  Pylon  
  32  4:52  Assimilator  
  32  4:54  Pylon  
  32  4:57  Forge  
  32  4:58  Adept x3  
  38  5:02  Pylon  
  38  5:12  Adept  
  38  5:14  Probe  
  41  5:26  Adept x3  
  43  5:43  Probe x2  
  43  5:49  Protoss Ground Weapons Level 1 (Chrono Boost)  
  45  5:58  Probe x2, Stargate  
  45  5:59  Stargate  
  45  6:00  Pylon  
  45  6:02  Assimilator  
  47  6:08  Pylon  
  47  6:09  Adept x2  
  47  6:10  Adept, Probe x2  
  55  6:11  Pylon  
  55  6:22  Probe x2  
  57  6:43  Phoenix x2 (Chrono Boost)  
  61  6:53  Probe  
  62  6:54  Probe  
  62  6:55  Adept x2  
  62  6:56  Adept  
  69  7:05  Probe  
  69  7:06  Phoenix x2 (Chrono Boost), Probe  
  75  7:28  Phoenix x2 (Chrono Boost)  
  79  7:38  Adept x3  
  85  7:48  Gateway  
  85  7:50  Phoenix x2 (Chrono Boost)  
  89  7:56  Nexus  
  89  8:11  Phoenix (Chrono Boost)  
  81  8:21  Phoenix (Chrono Boost)  
  81  8:25  Protoss Shields Level 1  
  81  8:26  Protoss Air Weapons Level 1 (Chrono Boost)  
  81  8:33  Phoenix  
  83  8:59  Probe  
  83  9:00  Probe  
  83  9:02  Pylon  
  85  9:05  Pylon  
  85  9:10  Assimilator  
  85  9:11  Probe  
  85  9:12  Assimilator  
  86  9:17  Probe  
  86  9:19  Probe  
  86  9:24  Probe  
  89  9:33  Pylon, Fleet Beacon  
  89  9:35  Gateway  
  89  9:38  Gateway  
  89  9:40  Gateway  
  89  9:42  Pylon, Gateway  
  89  9:45  Gateway  
  83  9:49  Pylon  
  83  9:54  Gateway  
  83  9:58  Pylon  
  77  10:11  Stargate  
  77  10:21  Phoenix  
  77  10:24  Phoenix  
  81  10:42  Probe  
  81  10:43  Probe x2  
  81  10:45  Pylon  
  81  10:48  Twilight Council  
  82  11:17  Phoenix  
  82  11:21  Phoenix x2  
  88  11:32  Adept x6  
  96  11:33  Adept x2  
  96  11:39  Phoenix  
  104  11:45  Phoenix  
  104  11:46  Phoenix  
  110  11:49  Protoss Ground Weapons Level 2  
  110  12:01  Phoenix  
  112  12:09  Adept x5  
  112  12:10  Phoenix  
  112  12:11  Phoenix  
  126  12:16  Resonating Glaives (Chrono Boost)  
  126  12:18  Probe  
  126  12:19  Probe  
  128  12:23  Phoenix  
  130  12:39  Adept x3  
  130  12:40  Adept x2  
  116  14:01  Adept x4  
  116  14:02  Adept x5  
  126  14:03  Adept  
  122  14:16  Nexus  
  114  14:20  Assimilator  
  114  14:23  Assimilator  
  114  14:30  Pylon, Gateway  
  114  14:32  Gateway  
  114  14:33  Pylon  
  112  15:04  Zealot x2  
  92  16:19  Adept x2  
  92  16:20  Adept x3  
  97  17:12  Stalker x2  
  97  17:13  Stalker x5  
  97  17:14  Stalker x3  
  106  17:32  Photon Cannon  
  106  17:36  Robotics Facility  
  106  17:38  Pylon  
  106  18:03  Photon Cannon  
  104  18:09  Probe  
  104  18:10  Probe  
  104  18:11  Probe x2  
  106  18:20  Probe  
  106  18:23  Observer, Probe x3  
  105  18:35  Pylon  
  105  18:41  Templar Archives  
  105  18:45  Observer, Protoss Air Armor Level 1, Pylon  
  106  18:57  Phoenix  
  106  19:00  Nexus, Phoenix  
  106  19:01  Phoenix  
  112  19:41  High Templar x3  
  112  19:42  High Templar x5  
  128  19:46  Archon x3  
  128  19:47  Archon  
  128  19:52  Charge (Chrono Boost)  
  128  19:53  Probe x2  
  130  20:17  Protoss Ground Weapons Level 3  
  130  20:40  Probe  
  130  20:42  Probe x2  
  132  20:43  Probe x2  
  135  21:07  Assimilator  
  135  21:10  Assimilator  
  135  21:12  Fleet Beacon  
  135  21:16  Pylon  
  135  21:18  Pylon  
  130  22:23  Nexus  
  130  22:26  Pylon  
  112  22:42  Carrier  
  100  22:44  Zealot x2  
  100  22:45  Zealot x6  
  100  22:48  Carrier  
  100  22:49  Carrier  
  121  23:04  Pylon  
  121  23:08  Pylon  
  121  23:11  Assimilator x2  
  120  23:16  Zealot x6  
  120  23:17  Zealot x2  
  136  23:26  Protoss Ground Armor Level 1  
  136  23:29  Anion Pulse-Crystals (Chrono Boost)  
  136  23:32  Nexus  
  136  23:34  Assimilator  
  136  23:36  Assimilator  
  136  23:40  Pylon  
  132  23:55  Probe x2  
  134  24:06  Zealot  
  134  24:07  Zealot x6  
  134  24:08  Zealot x5  
  150  24:14  Carrier  
  146  24:25  Observer  
  146  24:26  Graviton Catapult (Chrono Boost)  
  146  24:30  Photon Cannon  
  145  24:36  Photon Cannon  
  145  24:44  Photon Cannon  
  145  24:46  Observer  
  146  24:54  Carrier  
  146  24:58  Photon Cannon  
  152  25:08  Observer, Photon Cannon  
  152  25:13  Carrier  
  148  25:29  Observer  
  145  25:51  Observer  
  145  25:53  Nexus  
  145  25:56  Assimilator  
  146  25:58  Assimilator  
  146  26:01  Robotics Bay, Pylon  
  146  26:03  Pylon  
  146  26:04  Pylon  
  146  26:05  Carrier  
  143  26:25  Zealot  
  143  26:26  Zealot x3  
  118  26:54  Probe  
  118  26:56  Probe x3  
  117  27:05  Probe  
  117  27:08  Probe x2  
  116  27:16  Observer Gravitic Boosters (Chrono Boost)  
  110  27:31  Probe  
  110  27:32  Probe  
  110  27:35  Probe  
  103  28:09  Stalker x2  
  101  28:29  Probe x2  
  101  28:30  Probe  
  101  28:31  Probe  
  104  28:40  Probe x2  
  104  28:42  Probe  
  104  28:43  Probe  
  108  28:50  Probe  
  96  29:06  Probe  
  96  29:16  Probe  
  95  29:27  Probe  
  96  29:37  Probe  
  97  29:48  Probe  
  98  29:52  Nexus  
Show
View Real Time Build Order
Export as new Build Order

MattNZ Terran - Winner!

Build Orders:  

Get SALT Encoding   

  12  0:02  SCV  
  13  0:14  SCV  
  14  0:24  Supply Depot  
  14  0:26  SCV  
  15  0:45  SCV  
  15  0:47  Barracks  
  16  0:56  Barracks  
  16  0:57  SCV  
  17  1:09  SCV  
  18  1:15  Barracks  
  18  1:22  Supply Depot  
  18  1:28  Supply Depot  
  18  1:29  SCV  
  19  1:37  Marine  
  20  1:41  SCV  
  20  1:44  Marine  
  22  1:54  Marine  
  23  2:01  Marine  
  23  2:05  Marine  
  25  2:11  SCV  
  25  2:12  Marine  
  27  2:18  Supply Depot  
  27  2:19  Marine  
  28  2:22  Marine  
  28  2:25  Refinery  
  29  2:30  Marine  
  30  2:37  Marine  
  30  2:39  SCV  
  30  2:40  Marine  
  33  2:48  Marine  
  33  2:49  Engineering Bay  
  34  2:55  Marine  
  34  2:58  Marine, SCV  
  37  3:06  Marine  
  37  3:10  SCV  
  39  3:13  Marine  
  39  3:16  Marine  
  41  3:22  Missile Turret  
  41  3:23  Marine  
  41  3:26  Supply Depot  
  42  3:31  Refinery  
  41  3:51  Command Center  
  41  3:54  Marine  
  41  3:55  Marine x2  
  38  4:12  Marine  
  34  4:19  Marine x2  
  35  4:30  Marine  
  36  4:37  Marine x2  
  37  4:48  Marine  
  37  4:52  SCV  
  39  4:55  Marine x2  
  41  5:04  SCV  
  41  5:06  Marine  
  43  5:13  Marine x2  
  45  5:16  SCV  
  46  5:23  Marine  
  46  5:28  SCV  
  48  5:30  Marine  
  48  5:31  Marine  
  47  5:40  SCV  
  47  5:41  Marine  
  41  5:48  Marine x2, SCV  
  41  5:49  Bunker  
  44  5:52  SCV  
  45  5:58  Factory  
  45  5:59  Marine  
  45  6:00  SCV  
  47  6:04  SCV  
  47  6:05  Refinery  
  47  6:06  Marine x2  
  47  6:07  Refinery  
  47  6:11  Missile Turret  
  50  6:12  SCV  
  50  6:16  SCV  
  50  6:17  Marine  
  53  6:20  Bunker  
  53  6:24  Marine x2, SCV  
  56  6:28  SCV  
  56  6:32  Missile Turret  
  57  6:33  Missile Turret  
  57  6:35  Marine  
  57  6:36  SCV  
  59  6:40  SCV  
  59  6:42  Supply Depot  
  60  6:47  Factory Tech Lab  
  60  6:48  SCV  
  61  6:59  Missile Turret  
  61  7:00  SCV  
  62  7:03  Starport  
  62  7:04  Supply Depot  
  62  7:08  Siege Tank  
  65  7:19  Missile Turret  
  65  7:23  Marine  
  65  7:24  Marine x2  
  65  7:26  Supply Depot  
  68  7:40  Siege Tank, Medivac  
  68  7:41  Marine x2  
  68  7:42  Marine, Missile Turret  
  76  8:04  Command Center  
  71  8:13  Siege Tank  
  65  8:35  SCV  
  65  8:40  Missile Turret  
  66  8:47  SCV  
  67  9:00  SCV  
  67  9:01  Missile Turret  
  67  9:12  SCV  
  67  9:16  Starport Tech Lab  
  68  9:20  Starport  
  68  9:24  SCV  
  68  9:26  Marine x3  
  71  9:36  SCV  
  71  9:44  Marine x3  
  71  9:48  SCV  
  72  9:55  Command Center  
  67  10:01  Marine  
  67  10:02  Marine x2  
  67  10:15  Starport Tech Lab  
  67  10:19  Marine x3  
  70  10:31  Missile Turret  
  70  10:33  Orbital Command  
  70  10:37  Marine x3, Banshee x2  
  70  10:38  Cloaking Field  
  79  10:46  Missile Turret  
  79  10:55  Marine x3  
  82  11:00  Missile Turret  
  74  11:13  Marine x3, Missile Turret  
  77  11:22  Missile Turret  
  77  11:30  Marine  
  77  11:31  Marine x2  
  80  11:34  SCV, Missile Turret  
  80  11:36  Command Center  
  81  11:40  SCV  
  81  11:47  SCV  
  83  11:48  Marine x2  
  83  11:49  Marine  
  83  11:52  SCV  
  87  11:55  Refinery  
  87  11:56  Banshee  
  87  11:59  SCV  
  91  12:06  Marine x3  
  93  12:11  SCV  
  93  12:12  Missile Turret  
  94  12:23  SCV  
  94  12:24  Marine x3  
  98  12:33  Missile Turret  
  98  12:42  Marine x3  
  101  12:48  Missile Turret  
  101  12:49  Missile Turret  
  101  12:51  Missile Turret  
  101  12:54  Missile Turret  
  101  13:00  Marine x3  
  104  13:11  Planetary Fortress  
  66  14:13  SCV  
  67  14:20  Marine x3  
  67  14:22  Banshee x2  
  76  14:25  SCV  
  76  14:30  Missile Turret  
  77  14:33  Starport  
  77  14:37  Marine, SCV  
  77  14:38  Marine x2  
  81  14:49  SCV  
  82  14:55  Marine x2  
  82  14:56  Marine  
  82  15:00  SCV  
  82  15:01  SCV  
  82  15:05  Banshee x2  
  90  15:07  Refinery  
  90  15:08  Refinery  
  90  15:09  Orbital Command  
  90  15:12  Starport, SCV  
  90  15:13  Marine x3  
  86  15:24  SCV  
  85  15:31  Marine x3  
  77  15:36  SCV  
  78  15:48  SCV  
  78  15:49  Marine x3  
  78  16:04  Missile Turret  
  78  16:05  Missile Turret x2  
  78  16:07  Marine x3  
  78  16:11  SCV  
  82  16:16  Missile Turret  
  82  16:17  Missile Turret  
  82  16:21  Command Center  
  82  16:23  SCV  
  83  16:27  SCV  
  84  16:35  SCV  
  84  16:39  SCV  
  86  16:51  SCV  
  83  16:59  Marine x2  
  83  17:00  Marine  
  75  17:08  Banshee x2  
  81  17:17  Marine x3  
  84  17:35  Marine x3  
  84  17:51  Banshee x2  
  84  17:53  Marine x3  
  83  18:10  SCV  
  83  18:11  Marine x3  
  87  18:13  SCV  
  87  18:19  Refinery  
  88  18:22  SCV  
  88  18:25  SCV  
  90  18:28  Marine x2  
  90  18:29  Marine  
  90  18:31  Starport Tech Lab  
  90  18:32  Starport Tech Lab  
  94  18:34  SCV, Banshee x2  
  94  18:37  SCV  
  101  18:46  Marine x3, SCV  
  105  18:49  SCV  
  105  18:55  Missile Turret  
  106  18:58  SCV  
  106  19:01  SCV  
  108  19:14  Missile Turret  
  109  19:17  Banshee  
  109  19:21  Missile Turret  
  109  19:23  Planetary Fortress  
  105  19:40  Missile Turret  
  105  19:42  Banshee x2  
  111  19:52  Barracks Reactor, Marine, Barracks Tech Lab  
  112  20:01  Missile Turret  
  109  20:10  Marine  
  96  20:24  Banshee x3  
  96  20:25  Banshee  
  96  20:27  SCV  
  96  20:28  Marine  
  109  20:35  SCV  
  111  20:39  SCV  
  112  20:46  Marine x2  
  112  20:47  Marine x2, SCV  
  117  20:51  SCV x2  
  119  21:04  Marine x3  
  119  21:05  Marine  
  119  21:07  Missile Turret  
  119  21:08  SCV  
  124  21:20  SCV  
  125  21:29  Missile Turret  
  122  21:32  SCV  
  120  21:45  SCV  
  109  21:56  Marine x2  
  109  21:57  Marine x2  
  113  22:14  Marine x3  
  113  22:15  Marine  
  114  22:32  Marine x4  
  113  22:50  Marine x4  
  114  22:56  Banshee x4  
  114  22:58  Orbital Command  
  126  23:08  Marine x4  
  126  23:11  SCV  
  131  23:23  SCV  
  132  23:31  Missile Turret  
  132  23:35  SCV, Missile Turret  
  127  23:50  Planetary Fortress, Fusion Core  
  126  24:00  Missile Turret  
  125  24:14  Hyperflight Rotors  
  123  24:23  Missile Turret x2  
  123  24:25  Missile Turret x2  
  123  24:45  Command Center  
  123  24:56  Supply Depot  
  123  25:20  Supply Depot  
  90  25:50  Banshee x4  
  102  26:33  Banshee x3  
  87  26:55  Marine  
  87  26:56  Marine x3  
  86  27:11  Banshee  
  86  27:13  Marine  
  90  27:16  Banshee x3  
  96  27:32  Marine x3  
  96  27:33  Marine  
  100  27:50  Marine x4  
  104  27:54  SCV, Banshee  
  106  27:58  Banshee  
  106  27:59  Viking x2  
  99  28:06  SCV  
  99  28:08  Marine x4  
  104  28:25  Marine  
  104  28:26  Marine x3  
  102  28:43  Marine x2  
  102  28:44  Marine x2  
  106  29:01  Marine x3  
  106  29:02  Marine  
  110  29:06  Viking x2  
  110  29:07  Banshee x2  
  120  29:19  Marine x4  
  112  29:36  Banshee  
  112  29:37  Marine x4  
  119  29:40  SCV  
  120  29:52  SCV  
  121  29:54  Marine  
  121  29:55  Marine x3  
  117  30:12  Marine  
  117  30:13  Marine x3  
Tags
 
Composition
Mass Adepts
Matchup
PvT
Replay Pack
All Mines
Spawn Locations
Cross Positions
Add a new tag
Caveats
  • Supply blocks, unpowered buildings, or Contaminate may cause inaccurate times.
  • Supply counts are checked every 10 seconds.